 Dungeon Crawl Stone Soup version 0.31.0-32-g396128a36d (webtiles) character file.

Game seed: 4460206092268544939

14092 DCrawler215 the Severer (level 12, 0/95 HPs)
             Began as a Hill Orc Fighter on Apr 9, 2024.
             Was a High Priest of Hepliaklqana.
             Slain by a 20-headed hydra (2 damage)
             ... on level 2 of the Lair of Beasts.
             The game lasted 00:32:54 (10995 turns).

DCrawler215 the Severer (Hill Orc Fighter)         Turns: 10995, Time: 00:32:55

Health: 0/95       AC: 33    Str: 24    XL:     12   Next: 12%
Magic:  12/12      EV:  6    Int:  8    God:    Hepliaklqana [*****.]
Gold:   728        SH:  9    Dex: 10    Spells: 11/11 levels left

rFire   . . .        a - +0 war axe
rCold   . . .        c - +0 buckler
rNeg    . . .        D - +2 crystal plate armour
rPois   +            i - +0 helmet
rElec   .            C - +2 cloak {rCorr}
rCorr   +            s - +0 pair of gloves
SInv    .            f - +2 pair of boots
Will    +....        m - amulet of reflection Stlth
                     O - ring of willpower
HPRegen 0.35/turn    F - ring of poison resistance
MPRegen 0.13/turn

%: reflection
@: no status effects
A: reduced essence
a: Renounce Religion, Recall Ancestor, Ancestor Identity, Transference, Idealise


You were on level 2 of the Lair of Beasts.
You worshipped Hepliaklqana.
Hepliaklqana was extremely pleased with you.
You visited 2 branches of the dungeon, and saw 11 of its levels.
You also visited: Sewer and Bailey.

You collected 788 gold pieces.
You spent 60 gold pieces at shops.

Inventory:

Hand Weapons
 a - a +0 war axe (weapon)
 g - a +1 spectral quarterstaff
Missiles
 h - 18 poisoned darts (quivered)
 y - a throwing net
 J - 5 atropa-tipped darts
 L - 3 boomerangs
 Q - 4 datura-tipped darts
Armour
 b - a +0 scale mail
 c - a +0 buckler (worn)
 f - a +2 pair of boots (worn)
 i - a +0 helmet (worn)
 p - the +4 ring mail of Feasting {rPois}
   (You found it on level 3 of the Dungeon)

   rPois:     It protects you from poison
 s - a +0 pair of gloves (worn)
 C - a +2 cloak of preservation (worn)
 D - a +2 crystal plate armour (worn)
Jewellery
 j - a ring of positive energy
 m - an amulet of reflection (around neck)
 t - a ring of ice
 v - an amulet of faith
 w - a ring of wizardry
 F - a ring of poison resistance (right hand)
 I - a ring of ice
 M - a ring of flight
 O - a ring of willpower (left hand)
 P - a ring of see invisible
Wands
 n - a wand of flame (27)
 G - a wand of iceblast (7)
Scrolls
 e - 2 scrolls of noise
 k - a scroll of enchant armour
 l - 2 scrolls of fog
 o - a scroll of brand weapon {unknown}
 u - 2 scrolls of enchant weapon
 z - 2 scrolls of teleportation
 A - 2 scrolls of amnesia
 E - a scroll of silence {unknown}
Potions
 d - 2 potions of might
 q - 4 potions of enlightenment
 r - 6 potions of curing
 x - a potion of attraction
 B - a potion of brilliance
 H - a potion of berserk rage
 K - a potion of mutation {unknown}
 N - 11 potions of ambrosia
 R - a potion of haste {unknown}


   Skills:
 + Level 10.3 Fighting
 - Level 16.0 Axes
 - Level 11.0 Armour
 + Level 6.4 Dodging
 - Level 4.4 Shields


You had 11 spell levels left.
You didn't know any spells.
Your spell library contained the following spells:

 Spells                   Type           Power      Damage    Failure   Level
 Sandblast                Erth           0%         2d4       100%        1
 Static Discharge         Conj/Air       0%         3-3/arc   100%        2
 Passwall                 Erth           0%         N/A       100%        3
 Stone Arrow              Conj/Erth      0%         3d7       100%        3
 Volatile Blastmotes      Fire/Tloc      0%         2d10      100%        3
 Airstrike                Air            0%         2d(0-16)  100%        4
 Brom's Barrelling Bould  Conj/Erth      0%         2d3       100%        4
 Fulminant Prism          Conj/Alch      0%         3d5       100%        4
 Iskenderun's Mystic Bla  Conj/Tloc      0%         2d3       100%        4
 Summon Lightning Spire   Summ/Air       0%         N/A       100%        4
 Alistair's Intoxication  Alch           0%         N/A       100%        5
 Borgnjor's Vile Clutch   Necr/Erth      0%         N/A       100%        5
 Eringya's Noxious Bog    Alch           0%         4d6       100%        6


Dungeon Overview and Level Annotations

Branches:
Dungeon (9/15)             Temple (0/1) D:5            Lair (2/5) D:8
  Sewer (visited)          Bailey (visited)
  Swamp: Lair:2-3    Shoals: Lair:2-3     Snake: Lair:2-3    Spider: Lair:2-3
    Orc: D:9-12

Altars:
Cheibriados
Fedhas
Gozag
Hepliaklqana
Uskayaw
Vehumet
Wu Jian
Yredelemnul

Shops:
D:6 ?

Annotations:
D:9 2 transporters, Consumeair16's ghost, journeyman GnCj


Message History

* * * LOW HITPOINT WARNING * * *
The 18-headed hydra bites you but does no damage.
The 18-headed hydra barely misses you.
The 18-headed hydra bites you but does no damage.
The 18-headed hydra bites you!
* * * LOW HITPOINT WARNING * * *
The 18-headed hydra bites you but does no damage. x4
The 18-headed hydra barely misses you. x2
You block the 18-headed hydra's attack.
The 18-headed hydra bites you but does no damage. x2
You block the 18-headed hydra's attack.
The 18-headed hydra bites you but does no damage.
You chop one of the 18-headed hydra's heads off!
The 17-headed hydra grows two more!
You hit the 19-headed hydra.
The 19-headed hydra is heavily wounded.
You lop one of the 19-headed hydra's heads off!
The 18-headed hydra grows two more!
You slash the 20-headed hydra!
The 20-headed hydra is heavily wounded.
The 20-headed hydra bites you but does no damage. x10
The 20-headed hydra bites you.
* * * LOW HITPOINT WARNING * * *
The 20-headed hydra closely misses you. The 20-headed hydra bites you.
* * * LOW HITPOINT WARNING * * *
The 20-headed hydra bites you but does no damage.
You block the 20-headed hydra's attack.
The 20-headed hydra bites you but does no damage.
You block the 20-headed hydra's attack. The 20-headed hydra bites you.
* * * LOW HITPOINT WARNING * * *
The 20-headed hydra bites you but does no damage. x2
The 20-headed hydra attacks as it pursues you!
You block the 20-headed hydra's attack. The 20-headed hydra bites you!
* * * LOW HITPOINT WARNING * * *
The 20-headed hydra barely misses you. You block the 20-headed hydra's attack.
The 20-headed hydra bites you but does no damage. x3
The 20-headed hydra barely misses you. The 20-headed hydra bites you.
* * * LOW HITPOINT WARNING * * *
The 20-headed hydra barely misses you.
The 20-headed hydra bites you but does no damage.
The 20-headed hydra bites you.
You die...

#.......................
.........................
#P.......................P
#.........................
#........................
#........................
#.......................
#.................).....
####...........@D..#..D...
#..............#..## .....
##............#.### ....
###<.............# ...
#.................. ..
#.....#.##.#P....... .
#..##...######P##....
#....#...# ## #.#.
....###...# ##


You could see a 20-headed hydra (drained).

Vanquished Creatures
  2 black mambas (Lair:1)
  Maurice (D:9)
  4 cane toads (Lair:1)
  3 kobold demonologists (D:9)
  A rime drake (Lair:1)
  A komodo dragon (Lair:1)
  A queen bee (Lair:1)
  5 blink frogs (Lair:1)
  A hornet (D:7)
  A shadow (D:9)
  2 wyverns
  6 yaks (D:8)
  3 basilisks (Lair:1)
  A steam dragon (D:9)
  2 swamp worms (D:8)
  2 water moccasins
  8 orc warriors
  4 ogres (D:5)
  A centaur (D:6)
  2 kobold brigands
  A phantom (D:6)
  8 bullfrogs
  A gnoll sergeant (D:6)
  4 scorpions
  3 wights (D:7)
  23 killer bees
  2 bombardier beetles
  An electric eel (D:9)
  3 jellies
  2 orc priests (D:6)
  5 hounds
  2 sleepcaps
  3 iguanas
  Natasha (D:2)
  2 orc wizards
  Ijyb (D:3)
  3 gnolls (D:4)
  2 river rats (Sewer)
  7 adders
  3 shadow imps
  2 dart slugs
  2 ribbon worms
  29 orcs
  7 endoplasms
  5 giant cockroaches
  7 goblins
  7 hobgoblins
  A jackal (Sewer)
  5 quokkas
  7 ball pythons
  4 bats
  6 frilled lizards
  14 kobolds
  10 rats
234 creatures vanquished.

Vanquished Creatures (collateral kills)
  2 cane toads (Lair:1)
  A komodo dragon (D:8)
  A wyvern (D:7)
  A yak (D:8)
  A steam dragon (Lair:1)
  Edmund (D:4)
  A water moccasin (D:6)
  3 orc warriors (Bailey)
  An ogre (D:4)
  A kobold brigand (Sewer)
  2 bullfrogs (Lair:1)
  A scorpion (D:7)
  10 killer bees
  A howler monkey (D:5)
  An electric eel (D:9)
  A bombardier beetle (D:3)
  2 orc wizards
  Natasha (D:2)
  4 iguanas
  3 adders
  A shadow imp (D:8)
  7 orcs
  A bat (D:2)
  An endoplasm (D:3)
  A goblin (D:3)
  A jackal (Sewer)
  A frilled lizard (D:3)
  3 kobolds
  5 rats
60 creatures vanquished.

Vanquished Creatures (others)
  2 hexers
2 creatures vanquished.

Grand Total: 296 creatures vanquished

Notes
Turn   | Place    | Note
-------+----------+-------------------------------------------
     0 | D:1      | DCrawler215 the Hill Orc Fighter began the quest for the
                  | Orb.
     0 | D:1      | Reached XP level 1. HP: 19/19 MP: 1/1
   117 | D:1      | Reached skill level 3 in Axes
   198 | D:1      | Reached XP level 2. HP: 26/26 MP: 2/2
   340 | D:1      | Reached skill level 4 in Axes
   340 | D:1      | Reached XP level 3. HP: 26/31 MP: 3/3
   718 | D:2      | Found a faded altar of an unknown god.
   724 | D:2      | Prayed at the altar of an unknown god.
   724 | D:2      | Became a worshipper of Hepliaklqana the Forgotten
   724 | D:2      | Reached * piety under Hepliaklqana
  1222 | D:2      | Reached XP level 4. HP: 35/35 MP: 4/4
  1398 | D:2      | Noticed Natasha
  1405 | D:2      | Killed Natasha
  1406 | D:2      | Reached skill level 5 in Axes
  1437 | D:2      | Found a blossoming altar of Fedhas.
  1554 | D:2      | Noticed Natasha
  1558 | D:2      | Killed Natasha
  1755 | D:3      | Reached skill level 6 in Axes
  1755 | D:3      | Reached XP level 5. HP: 26/40 MP: 5/5
  1938 | D:3      | Reached ** piety under Hepliaklqana
  1939 | D:3      | Remembered your ancestor Simosihle as a hexer
  1976 | D:3      | Noticed Ijyb
  1996 | D:3      | Killed Ijyb
  2132 | D:3      | Reached skill level 7 in Axes
  2178 | D:3      | Identified the +4 ring mail of Feasting {rPois}
  2193 | D:3      | Reached XP level 6. HP: 45/45 MP: 6/6
  2254 | D:3      | Found a glowing drain.
  2260 | Sewer    | Entered a sewer
  2336 | Sewer    | Reached skill level 8 in Axes
  2365 | Sewer    | Found a glowing silver altar of Zin.
  2561 | D:3      | Found a blossoming altar of Fedhas.
  3017 | D:4      | Noticed Edmund
  3022 | D:4      | Reached skill level 9 in Axes
  3022 | D:4      | Reached XP level 7. HP: 45/51 MP: 7/7
  3035 | D:4      | Killed Edmund
  3036 | D:4      | Reached skill level 10 in Axes
  3478 | D:5      | Entered Level 5 of the Dungeon
  3504 | D:5      | Reached skill level 11 in Axes
  3504 | D:5      | Reached XP level 8. HP: 57/57 MP: 8/8
  3587 | D:5      | Found a staircase to the Ecumenical Temple.
  3598 | D:5      | Reached skill level 12 in Axes
  4049 | D:6      | You fall into a shaft and drop 3 floors!
  4052 | D:9      | Reached *** piety under Hepliaklqana
  4094 | D:8      | Found a radiant altar of Vehumet.
  4097 | D:8      | Found a basalt altar of Yredelemnul.
  4152 | D:7      | Reached skill level 13 in Axes
  4155 | D:7      | Noticed a hornet
  4167 | D:7      | Killed a hornet
  4283 | D:8      | Found a flagged portal.
  4324 | D:8      | Reached skill level 14 in Axes
  4324 | D:8      | Reached XP level 9. HP: 20/63 MP: 9/9
  4455 | Bailey   | Entered a bailey
  4579 | Bailey   | Reached skill level 15 in Axes
  5347 | D:6      | Reached skill level 16 in Axes
  5347 | D:6      | Reached skill level 5 in Armour
  5436 | D:6      | Found Vityfept's Magic Scroll Shop.
  5441 | D:6      | Bought a scroll of identify for 24 gold pieces
  5441 | D:6      | Bought a scroll of teleportation for 36 gold pieces
  5625 | D:6      | Reached XP level 10. HP: 69/69 MP: 10/10
  6413 | D:7      | Reached **** piety under Hepliaklqana
  7631 | D:8      | Reached skill level 10 in Armour
  7854 | D:8      | Found an ornate altar of the Wu Jian Council.
  7857 | D:8      | Found a hide-covered altar of Uskayaw.
  8210 | D:8      | Found a staircase to the Lair.
  8230 | D:8      | Reached skill level 1 in Dodging
  8456 | D:9      | Noticed Consumeair16's ghost (journeyman GnCj)
  8457 | D:9      | Found a transporter.
  8501 | D:9      | Reached skill level 5 in Fighting
  8501 | D:9      | Reached XP level 11. HP: 77/77 MP: 11/11
  8577 | D:9      | Noticed a purple ugly thing
  8577 | D:9      | Noticed a seven-headed hydra
  8592 | D:9      | Found a transporter.
  8627 | D:9      | Noticed a manticore
  8638 | D:9      | Noticed Maurice
  8673 | D:9      | Killed Maurice
  8813 | D:9      | Found a snail-covered altar of Cheibriados.
  8881 | D:9      | Reached ***** piety under Hepliaklqana
  9178 | D:9      | Found an opulent altar of Gozag.
  9429 | Lair:1   | Entered Level 1 of the Lair of Beasts
 10161 | Lair:1   | Reached skill level 5 in Dodging
 10654 | Lair:1   | Reached XP level 12. HP: 77/95 MP: 12/12
 10690 | Lair:1   | Reached skill level 10 in Fighting
 10963 | Lair:2   | Noticed a six-headed hydra
 10995 | Lair:2   | HP: 2/95 [20-headed hydra (5)]
 10995 | Lair:2   | Slain by a 20-headed hydra

Illustrated notes

Levels and vault maps discovered:
D:1:      psy_arrival_radial01, layout_basic
D:2:      layout_basic, basic_altar, hellmonk_ecumenical_altar_run_dry,
          minmay_tetromino_l4, uniq_natasha
D:3:      layout_basic, fedhas_altar_1, portal_sewer_entry_e, uniq_ijyb
D:4:      layout_cave_pools, hex_large, serial_bayou_pond_a, chequers_garden,
          uniq_edmund
D:5:      layout_loops_ring, minmay_temple_entry_mini_moons
D:6:      minmay_bubble_buster, layout_loops_ring, serial_shops, shop
D:7:      layout_layer_cave
D:8:      layout_loops_ring, nicolae_overflow_macrodata_refinement,
          david_lair_shrubbed, enter_bailey_2, minmay_misc_feat_nine_boxes,
          hangedman_abyss_or_decor_passed, minmay_misc_feat_secret_circle,
          worms_lemuel
D:9:      layout_long_grid, mainiacjoe_overflow_24_doors,
          mainiacjoe_overflow_alcove_2, gammafunk_ghost_arena,
          kennysheep_cross_bottleneck, lightli_corner_chamber, uniq_maurice
Lair:1:   layout_roguey [special_room_bee], gauntlet_entry_generic,
          grunt_megastairs_3
Lair:2:   layout_layer_cave, chequers_serial_rivers_room_b, lemuel_fruit_fields,
          infiniplex_staircase_pool, lemuel_fruit_fields

Skill      XL: |  1  2  3  4  5  6  7  8  9 10 11 12 |
---------------+-------------------------------------+-----
Axes           | 3 4 6 7 9 11 14 16 | 16.0
Shields        | 4 |  4.4
Armour         | 6 11 | 11.0
Fighting       | 5 9 10 | 10.3
Dodging        | 1 6 |  6.4

Action                     |  1- 3 |  4- 6 |  7- 9 | 10-12 || total
---------------------------+-------+-------+-------+-------++-------
  Melee: War axe           |    81 |   147 |   236 |   488 ||   952
  Throw: Dart              |       |       |       |     6 ||     6
 Invoke: Ancestor Life: He |       |     1 |       |       ||     1
         Recall Ancestor   |       |       |     1 |       ||     1
  Evoke: Wand              |       |       |       |     2 ||     2
    Use: Scroll            |       |       |     3 |     7 ||    10
         Potion            |       |       |       |     2 ||     2
   Stab: Distracted        |       |     1 |     5 |    10 ||    16
         Confused          |       |     1 |    10 |    14 ||    25
 Armour: Scale mail        |    57 |    44 |       |       ||   101
         Ring mail         |       |     9 |    84 |    72 ||   165
         Crystal plate arm |       |       |       |   412 ||   412
  Dodge: Dodged            |    42 |    45 |    60 |   133 ||   280
  Block: Buckler           |    18 |    69 |    73 |   222 ||   382
         Reflection        |       |       |       |     3 ||     3
